 Dungeon Crawl Stone Soup version 0.19.1-1-g22dce08 (webtiles) character file.

181 zhar the Grave Robber (level 5, -1/35 HPs)
             Began as a Vampire Necromancer on Jan 17, 2017.
             Slain by an adder (4 damage)
             ... on level 2 of the Dungeon.
             The game lasted 00:22:52 (4059 turns).

zhar the Grave Robber (Vampire Necromancer)         Turns: 4059, Time: 00:22:52

Health: -1/35      AC:  2    Str:  7    XL:     5   Next: 34%
Magic:  1/10       EV: 13    Int: 18    God:
Gold:   48         SH:  0    Dex: 15    Spells: 2 memorised, 7 levels left

rFire  . . .     SeeInvis +     j - -1 dagger (curse)
rCold  + . .     Gourm    .     a - +0 robe
rNeg   + + .     Faith    .     (no shield)
rPois  +         Spirit   .     (no helmet)
rElec  .         Reflect  .     (no cloak)
rCorr  .         Harm     .     (no gloves)
MR     .....                    (no boots)
Stlth  +++.......               (no amulet)
                                (no ring)
                                (no ring)

@: regenerating slowly
A: fangs 3, see invisible, unbreathing
a: Bat Form


You were on level 2 of the Dungeon.
You were very thirsty.

You visited 1 branch of the dungeon, and saw 2 of its levels.

You collected 48 gold pieces.

Inventory:

Hand Weapons
 d - a +0 dagger
 e - a +0 dagger
 j - a cursed -1 dagger (weapon)
 k - a cursed +0 short sword
 m - a +2 dagger of draining
 n - a +0 antimagic falchion
 q - a cursed -1 hunting sling
Missiles
 f - 32 sling bullets
 i - 3 javelins (quivered)
 r - 13 stones
Armour
 a - a +0 robe (worn)
 s - a +0 robe
Wands
 l - a wand of flame (31/48)
 o - a wand of teleportation (5/9)
Potions
 c - 6 potions of blood
 h - a potion of agility {unknown}
 p - a potion of cure mutation {unknown}
Books
 b - a book of Necromancy

   Spells                             Type                      Level
   a - Pain                           Necromancy                   1
   b - Animate Skeleton               Necromancy                   1
   c - Vampiric Draining              Necromancy                   3
   d - Regeneration                   Charms/Necromancy            3
   e - Animate Dead                   Necromancy                   4
   f - Control Undead                 Necromancy                   4


   Skills:
 * Level 2.0 Short Blades
 + Level 2.3 Dodging
 + Level 3.6 Stealth
 + Level 3.6 Spellcasting
 + Level 5.5 Necromancy


You had 7 spell levels left.
You knew the following spells:

 Your Spells              Type           Power        Failure   Level  Hunger
a - Pain                  Necr           ###.         1%          1    None
b - Vampiric Draining     Necr           ###.......   6%          3    ###....


Dungeon Overview and Level Annotations

Branches:
Dungeon (2/15)

Altars:


Innate Abilities, Weirdness & Mutations

You heal slowly.
You have razor-sharp teeth.
You have supernaturally acute eyesight. (SInv)
You can survive without breathing.


Message History

The adder hisses angrily.
An adder comes into view.
Casting: Pain
Confirm with . or Enter, or press ? or * to list all spells.
Aiming: Pain
Press: ? - help, Shift-Dir - straight line, f - adder, p - worm
Aim: an adder (chance to defeat MR: 88%)
The adder writhes in agony!
The adder bites you but does no damage. The adder closely misses you.
The adder bites you.
* * * LOW HITPOINT WARNING * * *
The adder bites you.
* * * LOW HITPOINT WARNING * * *
Casting: Pain
Confirm with . or Enter, or press ? or * to list all spells.
Aiming: Pain
Press: ? - help, Shift-Dir - straight line, f/p - adder
Aim: an adder (lightly wounded, chance to defeat MR: 88%)
The adder writhes in agony!
The adder closely misses you. The adder bites you.
You die...

#......##.............
#......##.............
#......##.......(.....
#....w.##..)..........
#.....................
#..........(..########
#..........(!.#
#....S.....(.)#
#....@........#
#######.......#
#.......# #.......#
#.......# #.......#
#.......# #.......#
#########


You could see a worm and an adder.

Vanquished Creatures
  Terence (D:2)
  Jessica (D:2)
  Ijyb (D:2)
  5 adders (D:2)
  2 worms (D:2)
  2 dart slugs
  A giant cockroach (D:2)
  6 goblins
  5 hobgoblins (D:1)
  2 jackals (D:1)
  5 kobolds
  A quokka (D:2)
  A ball python (D:2)
  5 bats
  8 frilled lizards
  11 rats
57 creatures vanquished.

Notes
Turn   | Place    | Note
-------+----------+-------------------------------------------
     0 | D:1      | zhar the Vampire Necromancer began the quest for the Orb.
     0 | D:1      | Reached XP level 1. HP: 13/13 MP: 3/3
   353 | D:1      | Reached XP level 2. HP: 11/19 MP: 0/5
  1291 | D:2      | Reached XP level 3. HP: 18/24 MP: 1/6
  1387 | D:2      | Reached skill level 1 in Short Blades
  1526 | D:2      | Reached skill level 5 in Necromancy
  1907 | D:2      | Noticed Terence
  1908 | D:2      | Noticed Ijyb
  1910 | D:2      | Noticed Jessica
  2000 | D:2      | Killed Terence
  2000 | D:2      | Reached XP level 4. HP: 19/30 MP: 0/8
  2960 | D:2      | Learned a level 3 spell: Vampiric Draining
  3364 | D:2      | Killed Jessica
  3578 | D:2      | Reached XP level 5. HP: 24/35 MP: 4/9
  3980 | D:2      | Killed Ijyb
  4059 | D:2      | Slain by an adder

Skill      XL: |  1  2  3  4  5 |
---------------+----------------+-----
Short Blades   | 1 2 |  2.0
Necromancy     | 5 |  5.5
Spellcasting   | 3 |  3.6
Dodging        | |  2.3
Stealth        | |  3.6

Action                   |  1- 3 |  4- 6 || total
-------------------------+-------+-------++-------
Melee: Dagger            |    26 |     9 ||    35
       Bite              |     4 |       ||     4
 Cast: Pain              |    68 |    64 ||   132
       Vampiric Draining |       |     1 ||     1
 Abil: End Transformatio |     1 |       ||     1
       Bat Form          |     1 |       ||     1
  Use: Scroll            |     2 |       ||     2
       Potion            |     1 |     8 ||     9
  Eat: Corpse            |     2 |       ||     2
Armor: Robe              |     3 |     7 ||    10
Dodge: Dodged            |    19 |    20 ||    39
